 Dungeon Crawl Stone Soup version 0.24-a0-434-gd57e52fea8 (webtiles) character file.

Game seed: 11003010288290440479

130053 Ferb the Warrior (level 17, -10/116 HPs)
             Began as a Gargoyle Earth Elementalist on June 15, 2019.
             Was a High Priest of Vehumet.
             Collided with some deep water (13 damage)
             ... caused by Bai Suzhen
             ... on level 2 of the Swamp.
             The game lasted 01:50:44 (39503 turns).

Ferb the Warrior (Gargoyle Earth Elementalist)     Turns: 39503, Time: 01:50:45

Health: -10/116    AC: 25    Str: 13    XL:     17   Next: 7%
Magic:  6/35       EV: 12    Int: 28    God:    Vehumet [*****.]
Gold:   2597       SH: 11    Dex: 10    Spells: 23/45 levels left

rFire    + . .     SeeInvis .   p - +2 whip (slash)
rCold    x . .     Gourm    .   J - +0 buckler
rNeg     + . .     Faith    .   M - +0 steam dragon scales
rPois    ∞         Spirit   .   x - +2 hat
rElec    +         Reflect  +   n - +0 cloak
rCorr    .         Harm     .   k - +0 pair of gloves
MR       +....                  (no boots)
Stlth    +.........             A - +5 amulet of reflection
HPRegen  0.29/turn              G - +6 ring of intelligence
MPRegen  0.24/turn              r - ring of fire

@: very slow
A: big wings, negative energy resistance 1, electricity resistance, unbreathing,
petrification resistance, rot immunity, AC +12
a: Fly, Renounce Religion


You were on level 2 of the Swamp.
You worshipped Vehumet.
Vehumet was extremely pleased with you.
You were not hungry.

You visited 5 branches of the dungeon, and saw 27 of its levels.
You also visited: Ossuary.

You collected 2597 gold pieces.

Inventory:

Hand Weapons
 p - a +2 whip of slashing (weapon)
Missiles
 b - 379 stones (quivered)
 R - a throwing net
Armour
 c - +0 swamp dragon scales
 k - a +0 pair of gloves (worn)
 n - a +0 cloak (worn)
 v - a scarf of repulsion
 x - a +2 hat (worn)
 J - a +0 buckler (worn)
 M - +0 steam dragon scales (worn)
Jewellery
 a - an uncursed ring of magical power
 r - a ring of fire (right hand)
 t - a +3 ring of evasion
 z - an uncursed amulet of magic regeneration
 A - a +5 amulet of reflection (around neck)
 G - a +6 ring of intelligence (left hand)
Wands
 e - a wand of iceblast (20)
 u - a wand of flame (40)
 D - a wand of paralysis (8)
 O - a wand of enslavement (6)
 Q - a wand of scattershot (15)
 X - a wand of acid (4)
Scrolls
 i - 4 scrolls of amnesia
 j - 10 scrolls of teleportation
 l - 3 scrolls of enchant weapon
 s - 5 scrolls of enchant armour
 y - 12 scrolls of remove curse
 B - 6 scrolls of fog
 E - 3 scrolls of noise
 F - 4 scrolls of magic mapping
 N - 9 scrolls of identify
 T - 4 scrolls of silence
 V - a scroll of fear
 W - 2 scrolls of immolation
Potions
 g - a potion of resistance {unknown}
 h - 3 potions of brilliance
 m - 3 potions of agility
 o - 3 potions of might
 q - 7 potions of curing
 H - 4 potions of haste
 L - 2 potions of mutation
 S - a potion of berserk rage {unknown}
 U - a potion of invisibility
 Y - 2 potions of heal wounds
 Z - 2 potions of ambrosia
Miscellaneous
 I - a phantom mirror
Comestibles
 d - 40 rations


   Skills:
 + Level 16.8 Fighting
 - Level 12.0 Armour
 - Level 1.5 Dodging
 - Level 2.1 Stealth
 + Level 12.3 Shields
 + Level 14.6 Spellcasting
 - Level 5.0 Conjurations
 - Level 0.7 Transmutations
 - Level 6.1 Fire Magic
 - Level 12.0 Earth Magic


You had 23 spell levels left.
You knew the following spells:

 Your Spells              Type           Power        Failure   Level  Hunger
a - Sandblast             Erth           ######       0%          1    None
b - Stone Arrow           Conj/Erth      ######       1%          3    None
c - Lee's Rapid Deconstr  Erth           ######....   1%          5    None
d - Petrify               Tmut/Erth      ######..     1%          4    None
e - Passwall              Tmut/Erth      ######..     1%          2    None
f - Bolt of Magma         Conj/Fire/Erth #######...   1%          5    None
g - Blink                 Tloc           N/A          3%          2    None

Your spell library contained the following spells:

 Spells                   Type           Power        Failure   Level  Hunger
 Bolt of Cold             Conj/Ice       ####......   32%         6    ####...
 Magic Dart               Conj           ####         1%          1    None
 Shock                    Conj/Air       ####         1%          1    None
 Conjure Flame            Conj/Fire      ######..     1%          3    None
 Mephitic Cloud           Conj/Pois/Air  ####....     1%          3    None
 Static Discharge         Conj/Air       ####....     1%          3    None
 Call Imp                 Summ           ###.....     3%          2    None
 Slow                     Hex            ###.....     3%          2    None
 Swiftness                Chrm/Air       ###.....     3%          2    None
 Irradiate                Conj/Tmut      #####.....   6%          5    None
 Airstrike                Air            ###.......   7%          4    None
 Lightning Bolt           Conj/Air       ####......   7%          5    None
 Hydra Form               Tmut           ###.......   96%         6    ####...
 Dragon Form              Tmut           ###.......   100%        7    #####..
 Statue Form              Tmut/Erth      Unusable     N/A         6    N/A

Dungeon Overview and Level Annotations

Branches:
Dungeon (15/15)            Temple (1/1) D:5            Lair (6/6) D:9
  Swamp (3/4) Lair:2        Snake (0/4) Lair:4        Slime (0/5) Lair:6
    Orc (2/2) D:12            Elf (0/3) Orc:2        Vaults (0/5) D:13
 Depths (0/5) D:15

Altars:
Ashenzari
Cheibriados
Dithmenos
Elyvilon
Fedhas
Gozag
Hepliaklqana
Kikubaaqudgha
Makhleb
Nemelex Xobeh
Okawaru
Qazlal
Ru
Sif Muna
Trog
Uskayaw
Vehumet
Wu Jian
Xom
Yredelemnul
Zin
The Shining One
Beogh
Jiyva

Shops:
D:4 }   D:7 *   Orc:2 }%([

Annotations:
D:7 2 transporters
Lair:4 3 runed translucent doors, Noxiv's ghost, journeyman FoFi; Rick's ghost, journeyman MiBe
Lair:6 1 runed translucent door
Swamp:2 Bai Suzhen


Innate Abilities, Weirdness & Mutations

You are resistant to torment.
Your stone body is resilient. (AC +12)
You are immune to poison.
Your large and strong wings let you fly indefinitely.
You resist negative energy. (rN+)
You are resistant to electric shocks. (rElec)
You can survive without breathing.
You are immune to petrification.
You are immune to rotting.


Message History

Bai Suzhen is heavily wounded.
b - 380 stones Bai Suzhen bites you but does no damage.
Bai Suzhen claws you. You block Bai Suzhen's attack.
Lightning arcs down from a storm cloud!
Casting: Sandblast (safe; 0% risk of failure)
Confirm with . or Enter, or press ? or * to list all spells.
Aiming: Sandblast (safe; 0% risk of failure)
Press: ? - help, Shift-Dir - straight line, f/p - Bai Suzhen
Aim: Bai Suzhen (heavily wounded)
The blast of sand hits Bai Suzhen but does no damage.
Bai Suzhen is heavily wounded.
b - 379 stones You are standing in a thunderstorm.
Bai Suzhen breathes water at you. The torrent of water hits you!!
* * * LOW HITPOINT WARNING * * *
You are knocked back by the torrent of water.
You violently stop moving!
You die...

♣♣♣♣♣♣♣♣♣ ♣♣..≈♣♣..♣♣♣♣♣ ♣♣♣♣♣♣♣
♣♣..≈≈..≈≈.≈≈.♣♣♣ ♣≈≈♣...
♣♣♣.≈≈≈..≈≈≈≈≈≈...♣♣ ♣♣♣.≈≈.
♣≈.≈≈≈...≈≈≈≈≈≈..≈.♣♣♣♣ ♣≈.≈.
♣♣.≈≈≈....§≈≈≈≈..≈≈.♣.≈♣ ♣....
≈..≈≈≈.≈...≈≈≈≈≈§§....♣♣ ♣♣.≈≈≈
...≈≈≈≈≈≈.≈§≈≈≈≈@D≈≈≈♣♣ ♣♣..≈≈≈
≈≈≈≈≈≈≈≈≈≈≈.≈≈≈.§§≈≈.♣♣ ♣≈.....
≈≈≈≈≈...≈≈≈...≈≈.≈....♣ ♣......
≈≈≈≈≈≈≈≈≈≈≈≈.§≈≈.....≈♣♣♣♣♣§≈≈..≈
≈≈..≈≈≈≈≈≈≈.≈....≈♣♣♣♣≈♣♣≈♣.≈≈≈..
≈≈...≈≈≈≈≈......♣♣♣♣♣.§.§♣♣♣♣...≈
≈≈♣♣.≈≈≈.≈....§♣♣♣ ♣≈.≈§≈♣♣≈.§.§.
≈≈♣♣♣...≈....♣...♣ ♣≈≈≈§♣♣♣≈.§D§≈
).≈♣.......≈..≈≈≈♣ ♣♣♣≈.D♣♣≈.§§§♣


You could see Bai Suzhen.

Vanquished Creatures
  Rupert (Lair:3)
  Gastronok (D:12)
  Kirke (Lair:5)
  Aizul (Swamp:1)
  An ironheart preserver (D:13)
  Nessos (Lair:4)
  Snorg (D:11)
  Josephine (D:14)
  2 fire dragons
  A yaktaur captain (D:15)
  Erolcha (D:10)
  A rakshasa (D:15)
  Erica (D:11)
  A catoblepas (D:13)
  11 hydras
  A ghost crab (Swamp:1)
  5 alligators
  4 centaur warriors
  A tengu warrior (D:13)
  8 two-headed ogres
  2 orc high priests
  2 spriggans (Swamp:1)
  4 skeletal warriors (D:12)
  3 unseen horrors
  2 swamp dragons
  A wolf spider zombie (D:15)
  Pikel (D:7)
  3 cyclopes
  22 ugly things
  3 orc knights
  6 deep elf magi
  3 manticores
  4 oklob plants (Lair:5)
  6 orc sorcerers
  A moth of wrath (shapeshifter) (D:14)
  2 slime creatures (D:14)
  4 elephants (Lair:6)
  4 black mambas
  Maurice (D:8)
  A gargoyle (D:10)
  16 spiny frogs
  Joseph (D:9)
  A torpor snail (Lair:3)
  2 kobold demonologists (D:15)
  5 rime drakes
  2 yaktaurs
  A tengu conjurer (D:13)
  8 komodo dragons
  5 trolls
  9 polar bears (Lair:6)
  5 tyrant leeches
  A merfolk (D:9)
  3 meliai (D:15)
  33 blink frogs
  4 bog bodies (Swamp:2)
  4 hornets
  12 hippogriffs
  A raiju (Lair:6)
  10 wyverns
  A vampire (D:13)
  A centaur simulacrum (D:14)
  A shadow (D:15)
  Eustachio (D:4)
  A yak (shapeshifter) (D:15)
  9 basilisks
  2 fire elementals (Lair:3)
  4 wraiths
  2 hogs (Lair:5)
  39 yaks
  Grum (D:8)
  19 vampire mosquitoes
  2 steam dragons
  11 wargs
  11 swamp worms
  7 insubstantial wisps
  4 acid dragons
  2 soldier ants
  15 water moccasins
  15 hell hounds
  11 porcupines
  A meliai simulacrum (D:15)
  4 swamp drakes
  3 slaves (D:7)
  2 ice beasts
  21 orc warriors
  2 phantoms
  A sky beast (D:13)
  4 eyes of draining
  11 black bears (Lair:6)
  11 ogres
  19 wolves
  7 centaurs
  15 crocodiles
  5 big kobolds
  21 bullfrogs
  A gnoll sergeant (D:9)
  4 scorpions
  A wyvern skeleton (D:13)
  2 troll zombies (Swamp:2)
  12 wights
  3 killer bees
  8 howler monkeys
  4 electric eels (Lair:2)
  3 vampire bats (Orc:1)
  2 troll skeletons (Swamp:2)
  A lava snake (Lair:3)
  A bullfrog zombie (D:8)
  5 centaur zombies
  11 crimson imps
  5 hounds
  22 orc priests
  4 jellies
  2 bullfrog skeletons
  8 centaur skeletons
  34 orc wizards
  Natasha (thrice) (D:2)
  3 iguanas
  11 worker ants
  A killer bee zombie (D:6)
  6 big kobold zombies (Ossuary)
  2 bullfrog simulacra (D:12)
  A hound zombie (D:6)
  6 mummies (Ossuary)
  A worker ant zombie (D:6)
  9 gnolls
  20 adders
  7 shadow imps
  An ooze (D:5)
  2 adder zombies (D:6)
  5 worms
  5 dart slugs
  2 leopard geckos
  93 orcs
  6 giant cockroaches
  7 goblins
  7 hobgoblins
  20 jackals
  3 quokkas
  A ball python (Lair:4)
  14 bats
  5 frilled lizards
  A hobgoblin zombie (Ossuary)
  A jackal zombie (D:5)
  31 kobolds
  2 leopard gecko skeletons
  A leopard gecko zombie (D:5)
  7 rats
  4 fungi
  2 plants (Lair:6)
952 creatures vanquished.

Vanquished Creatures (others)
  A centaur warrior (D:15)
  2 cyclopes
  A faun (D:12)
  A bog body (Swamp:2)
  2 humans (Lair:5)
  An orc warrior (Orc:1)
  5 centaurs
  A bullfrog (Lair:5)
  An orc wizard (Orc:2)
  A kobold (D:9)
  13 fungi
  28 plants
57 creatures vanquished.

Grand Total: 1009 creatures vanquished

Notes
Turn   | Place    | Note
-------+----------+-------------------------------------------
     0 | D:1      | Ferb the Gargoyle Earth Elementalist began the quest for
                  | the Orb.
     0 | D:1      | Reached XP level 1. HP: 10/10 MP: 3/3
   214 | D:1      | Reached XP level 2. HP: 16/16 MP: 1/5
   682 | D:1      | Reached skill level 1 in Fighting
  1167 | D:2      | Reached XP level 3. HP: 10/20 MP: 3/6
  1330 | D:2      | Learned a level 3 spell: Stone Arrow
  1608 | D:2      | Noticed Natasha
  1619 | D:2      | Killed Natasha
  1619 | D:2      | Reached skill level 5 in Earth Magic
  1619 | D:2      | Reached XP level 4. HP: 20/26 MP: 0/7
  2033 | D:2      | Noticed Natasha
  2040 | D:2      | Killed Natasha
  2040 | D:2      | Reached skill level 2 in Fighting
  2040 | D:2      | Reached skill level 1 in Conjurations
  2124 | D:2      | Found a blossoming altar of Fedhas.
  2139 | D:2      | Noticed Natasha
  2149 | D:2      | Killed Natasha
  2149 | D:2      | Reached XP level 5. HP: 30/30 MP: 5/9
  2989 | D:3      | Reached XP level 6. HP: 36/36 MP: 6/10
  3378 | D:3      | Noticed a phantom
  3388 | D:3      | Killed a phantom
  3388 | D:3      | Reached skill level 3 in Fighting
  3388 | D:3      | Reached XP level 7. HP: 40/41 MP: 4/12
  4311 | D:4      | Found Katuveh's Gadget Emporium.
  4330 | D:4      | Noticed Eustachio
  4407 | D:4      | Killed Eustachio
  4635 | D:4      | Found a snail-covered altar of Cheibriados.
  4757 | D:4      | Reached XP level 8. HP: 48/48 MP: 6/13
  5037 | D:5      | Entered Level 5 of the Dungeon
  5078 | D:5      | Found a staircase to the Ecumenical Temple.
  5083 | Temple   | Entered the Ecumenical Temple
  5137 | Temple   | Became a worshipper of Vehumet
  5496 | D:5      | Reached skill level 5 in Conjurations
  5669 | D:5      | Reached skill level 4 in Fighting
  5819 | D:5      | Found a burning altar of Makhleb.
  6465 | D:6      | Found a sacrificial altar of Ru.
  7246 | D:6      | Reached * piety under Vehumet
  7246 | D:6      | Offered knowledge of Magic Dart by Vehumet.
  7246 | D:6      | Reached skill level 5 in Fighting
  7427 | D:6      | Reached skill level 5 in Spellcasting
  7427 | D:6      | Reached XP level 9. HP: 54/54 MP: 9/16
  7676 | D:6      | Got a glittering crystal amulet
  7876 | D:6      | Identified the amulet "Poemougey" {Harm *Drain rPois Int+5
                  | SInv} (You found it on level 6 of the Dungeon)
  7991 | D:7      | Found a sand-covered staircase.
  7997 | Ossuary  | Entered an ossuary
  8097 | Ossuary  | Reached skill level 10 in Earth Magic
  8434 | D:7      | Learned a level 5 spell: Lee's Rapid Deconstruction
  8439 | D:7      | Learned a level 4 spell: Petrify
  8442 | D:7      | Learned a level 2 spell: Passwall
  8473 | D:7      | Found an opulent altar of Gozag.
  8477 | D:7      | Found Gozag's Platinum Reserve.
  8711 | D:7      | Reached skill level 6 in Fighting
  9040 | D:7      | Noticed Pikel
  9045 | D:7      | Killed Pikel
  9051 | D:7      | Found a transporter.
  9053 | D:7      | Found a transporter.
  9104 | D:7      | Found a roughly hewn altar of Beogh.
  9189 | D:7      | Found a glowing silver altar of Zin.
  9420 | D:8      | Noticed Grum
  9433 | D:8      | Killed Grum
  9433 | D:8      | Reached ** piety under Vehumet
  9455 | D:8      | Offered knowledge of Throw Frost by Vehumet.
  9455 | D:8      | Reached XP level 10. HP: 57/61 MP: 3/19
  9579 | D:8      | Noticed Maurice
  9725 | D:8      | Killed Maurice
  9725 | D:8      | Reached skill level 7 in Fighting
 10371 | D:8      | Found a white marble altar of Elyvilon.
 10787 | D:9      | Offered knowledge of Searing Ray by Vehumet.
 10794 | D:9      | Reached skill level 8 in Fighting
 10985 | D:9      | Reached *** piety under Vehumet
 11389 | D:9      | Reached skill level 9 in Fighting
 11392 | D:9      | Found a staircase to the Lair.
 11416 | D:9      | Reached skill level 1 in Shields
 11454 | D:9      | Noticed a two-headed ogre
 11458 | D:9      | Killed a two-headed ogre
 11458 | D:9      | Reached XP level 11. HP: 71/71 MP: 21/23
 11563 | D:9      | Offered knowledge of Mephitic Cloud by Vehumet.
 11907 | D:9      | Noticed a two-headed ogre
 11912 | D:9      | Killed a two-headed ogre
 12185 | D:9      | Reached skill level 5 in Shields
 12398 | D:9      | Noticed Joseph
 12403 | D:9      | Killed Joseph
 12517 | D:10     | Entered Level 10 of the Dungeon
 12549 | D:10     | Found a sparkling altar of Nemelex Xobeh.
 12574 | D:10     | Killed an unseen horror
 12787 | D:10     | Reached skill level 10 in Fighting
 12829 | D:10     | Reached **** piety under Vehumet
 13068 | D:10     | Noticed Erolcha
 13074 | D:10     | Killed Erolcha
 13075 | D:10     | Offered knowledge of Iskenderun's Battlesphere by Vehumet.
 13724 | Lair:1   | Entered Level 1 of the Lair of Beasts
 13798 | Lair:1   | Reached skill level 1 in Armour
 14139 | Lair:1   | Reached XP level 12. HP: 63/79 MP: 10/25
 14926 | Lair:2   | Reached skill level 11 in Fighting
 15323 | Lair:2   | Noticed an eight-headed hydra
 15327 | Lair:2   | Killed an eight-headed hydra
 15327 | Lair:2   | Reached skill level 5 in Armour
 15485 | Lair:2   | Reached skill level 10 in Spellcasting
 15618 | Lair:2   | Found a staircase to the Swamp.
 16494 | Lair:3   | Reached ***** piety under Vehumet
 16505 | Lair:3   | Offered knowledge of Freezing Cloud by Vehumet.
 16556 | Lair:3   | Noticed Rupert
 17053 | Lair:3   | Killed Rupert
 17053 | Lair:3   | Reached skill level 12 in Fighting
 17053 | Lair:3   | Reached XP level 13. HP: 66/86 MP: 8/27
 18471 | Lair:4   | Found a runed translucent gate.
 18487 | Lair:4   | Found a staircase to the Snake Pit.
 18526 | Lair:4   | Reached skill level 13 in Fighting
 18724 | Lair:4   | Found a runed translucent gate.
 18726 | Lair:4   | Found a runed translucent gate.
 18728 | Lair:4   | Noticed Noxiv's ghost (journeyman FoFi)
 18729 | Lair:4   | Noticed Rick's ghost (journeyman MiBe)
 18782 | Lair:4   | Noticed Nessos
 18793 | Lair:4   | Killed Nessos
 19425 | Lair:5   | Noticed Kirke
 19516 | Lair:5   | Killed Kirke
 19896 | Lair:5   | Offered knowledge of Poison Arrow by Vehumet.
 19896 | Lair:5   | Gained mutation: Your large and strong wings let you fly
                  | indefinitely. [Gargoyle growth]
 19896 | Lair:5   | Reached XP level 14. HP: 61/94 MP: 7/29
 20365 | Lair:5   | Reached skill level 10 in Armour
 20483 | Lair:6   | Entered Level 6 of the Lair of Beasts
 20848 | Lair:6   | Reached skill level 14 in Fighting
 21377 | Lair:6   | Found a runed translucent door.
 21377 | Lair:6   | Found a viscous altar of Jiyva.
 21378 | Lair:6   | Noticed an acid blob
 21379 | Lair:6   | Found a staircase to the Slime Pits.
 22852 | Lair:6   | Offered knowledge of Bolt of Magma by Vehumet.
 22978 | Lair:6   | Learned a level 5 spell: Bolt of Magma
 23261 | D:11     | Noticed Snorg
 23264 | D:11     | Killed Snorg
 23923 | D:11     | Noticed Erica
 23932 | D:11     | Killed Erica
 24893 | D:12     | Reached XP level 15. HP: 101/101 MP: 19/31
 25465 | D:12     | Reached skill level 1 in Fire Magic
 25495 | D:12     | Reached skill level 15 in Fighting
 25701 | D:12     | Noticed Gastronok
 25716 | D:12     | Killed Gastronok
 26079 | D:12     | Found a staircase to the Orcish Mines.
 26400 | D:13     | Offered knowledge of Iron Shot by Vehumet.
 27698 | D:13     | Found a gate to the Vaults.
 27966 | D:14     | Reached skill level 5 in Fire Magic
 28084 | D:14     | Offered knowledge of Bolt of Fire by Vehumet.
 28550 | D:14     | Reached skill level 10 in Shields
 28554 | D:14     | Noticed Josephine
 28560 | D:14     | Killed Josephine
 29000 | D:15     | Entered Level 15 of the Dungeon
 29141 | D:15     | Reached XP level 16. HP: 108/108 MP: 32/33
 31048 | D:15     | Found a staircase to the Depths.
 31117 | D:15     | Reached skill level 16 in Fighting
 31133 | D:15     | Offered knowledge of Ozocubu's Refrigeration by Vehumet.
 31203 | D:15     | Found a white marble altar of Elyvilon.
 31850 | D:15     | Learned a level 2 spell: Blink
 31959 | Orc:1    | Entered Level 1 of the Orcish Mines
 32118 | Orc:2    | Entered Level 2 of the Orcish Mines
 32549 | Orc:1    | Found a roughly hewn altar of Beogh.
 33184 | Orc:2    | Found a staircase to the Elven Halls.
 33523 | Orc:2    | Found Saxiwn Gesi's Antique Weapon Emporium.
 33523 | Orc:2    | Found Huyficaw's Gadget Shoppe.
 33524 | Orc:2    | Found Kyzapn's Food Shoppe.
 33527 | Orc:2    | Found Reogruv's Antique Armour Emporium.
 33770 | Orc:2    | Offered knowledge of Bolt of Cold by Vehumet.
 35095 | Swamp:1  | Entered Level 1 of the Swamp
 36922 | Swamp:1  | Noticed Aizul
 36937 | Swamp:1  | Killed Aizul
 37926 | Swamp:2  | Reached XP level 17. HP: 116/116 MP: 14/35
 38591 | Swamp:3  | Noticed Bai Suzhen
 39503 | Swamp:2  | HP: 3/116 [Bai Suzhen/torrent of water (32)]
 39503 | Swamp:2  | Collided with some deep water

Levels and vault maps discovered:
D:1:      shiori_shiawase, layout_basic
D:2:      layout_loops_ring, fedhas_altar_3, first_ration,
          minmay_misc_feat_rows, uniq_natasha
D:3:      kennysheep_six_static_rooms, layout_rooms
D:4:      layout_gridville, kennysheep_slug_shrine, serial_shops,
          nicolae_shop_trees, palyth_stone_intersect, uniq_eustachio
D:5:      layout_basic, lemuel_crystal_altar, temple_doors_cd
D:6:      minmay_clustersquares, layout_basic, old_standard_altar
D:7:      gammafunk_beogh_shrine, layout_loops_ring, zin_treasury,
          nicolae_ossuary_entry_plus, nicolae_gozag_zags_fifth_avenue,
          uniq_pikel
D:8:      kennysheep_big_flooded_room, layout_loops_cross, lemuel_crystal_altar,
          serial_glass, glass_columns_b, glass_columns_c, due_unseen_surprise,
          minmay_strange_pillars, uniq_grum, uniq_maurice
D:9:      layout_grid_maze, minmay_lair_entry_grove, hangedman_fish_farm,
          uniq_joseph
D:10:     layout_basic, basic_altar, st_stairs_13, uniq_erolcha
D:11:     layout_loops_corners, uniq_snorg, uniq_erica
D:12:     minmay_open_boxes_in_corner, layout_basic,
          minmay_orc_entry_guard_dogs, centaur_isle, uniq_gastronok
D:13:     layout_basic, skrybe_vaults_entry_preservation, drop_trap,
          minmay_misc_feat_room
D:14:     layout_rooms, kennysheep_flooded_box, uniq_josephine
D:15:     grunt_enter_depths_snipers, layout_loops_corners, elyvilon_altar_1,
          st_stairs_1
Temple:   lightli_temple_of_artemis
Lair:1:   layout_chaotic_city
Lair:2:   layout_cave_pods, swamp_mist, serial_bayou_lake_a, lemuel_fruit_fields
Lair:3:   layout_gridlike, uniq_rupert
Lair:4:   layout_hall_layers, minmay_snake_entry_six_corridors,
          gammafunk_ghost_cemetery, special_room [special_room_mythical_zoo],
          uniq_nessos
Lair:5:   layout_misc_corridors, minmay_lair_oklob_chamber,
          serial_bayou_shore_b, uniq_kirke
Lair:6:   wormcave, layout_misc_corridors, hangedman_lair_caniforms_friends,
          slime_altar_2, serial_bayou_crossing, lemuel_fruit_fields
Swamp:1:  layout_falls_marsh, nicolae_swamp_round_clearing, swamp_pool1,
          uniq_aizul
Swamp:2:  layout_basic_swamp, evilmike_swamp_ruin_house_3, swamp_pool3,
          cheibrodos_swamp_minitomb, infiniplex_staircase_pool
Swamp:3:  layout_falls_marsh, evilmike_swamp_ruin_house_1, uniq_bai_suzhen,
          uniq_nikola
Orc:1:    layout_caves, roderic_batcave, kennysheep_orc_chapel
Orc:2:    st_orc_mages, layout_diamond_mine

Skill      XL: |  1  2  3  4  5  6  7  8  9 10 11 12 13 14 15 16 |
---------------+-------------------------------------------------+-----
Earth Magic    | 4 5 6 7 9 11 12 | 12.0
Fighting       | 1 2 3 5 6 9 10 12 13 14 15 16 | 16.8
Conjurations   | 1 2 3 4 5 |  5.0
Spellcasting   | 3 5 6 8 9 10 11 12 13 14 | 14.6
Shields        | 3 7 8 10 12 | 12.3
Armour         | 2 7 9 11 12 | 12.0
Fire Magic     | 6 |  6.1
Dodging        | |  1.5
Stealth        | |  2.1
Transmutations | |  0.7

Action                   |  1- 3 |  4- 6 |  7- 9 | 10-12 | 13-15 | 16-18 || total
-------------------------+-------+-------+-------+-------+-------+-------++-------
Melee: Unarmed           |     9 |       |       |       |       |       ||     9
       Short sword       |    60 |    80 |    57 |       |       |       ||   197
       Whip              |       |       |     9 |    12 |    37 |    47 ||   105
 Cast: Sandblast         |    19 |     7 |    62 |    18 |    52 |    53 ||   211
       Stone Arrow       |     5 |    36 |   144 |   289 |   524 |   507 ||  1505
       Lee's Rapid Decon |       |       |       |    41 |   161 |    64 ||   266
       Petrify           |       |       |       |       |     3 |     8 ||    11
       Bolt of Magma     |       |       |       |       |     9 |    10 ||    19
 Abil: Fly               |       |       |       |       |     1 |       ||     1
       Stop Flying       |       |       |       |       |       |     1 ||     1
Evoke: Wand              |       |       |       |       |       |     4 ||     4
  Use: Scroll            |       |       |    14 |     1 |    17 |     5 ||    37
       Potion            |       |       |     5 |     2 |       |     2 ||     9
 Stab: Sleeping          |     1 |       |       |       |       |       ||     1
  Eat: Chunk             |     3 |    10 |    20 |    26 |    46 |    20 ||   125
       Ration            |       |       |     2 |     1 |       |     4 ||     7
Armor: Robe              |    28 |     4 |       |       |       |       ||    32
       Leather armour    |       |    45 |    98 |    58 |    79 |       ||   280
       Troll leather arm |       |       |       |       |    22 |       ||    22
       Steam dragon scal |       |       |       |       |    63 |   241 ||   304
Dodge: Dodged            |    55 |    55 |   145 |    59 |   145 |   206 ||   665
Block: Other             |       |       |    23 |    35 |    14 |       ||    72
       Reflection        |       |       |       |     5 |    34 |    18 ||    57
       Buckler           |       |       |       |       |   117 |   247 ||   364

Table legend:
 A = Non-vault XP
 B = Vault XP
 C = Vault XP percentage of total XP
 D = Non-vault monster count
 E = Vault monster count
 F = Vault count percentage of total count
                 A         B        C        D         E       F
            +---------+---------+-------+---------+---------+-------
      Total |  124058 |   61733 |  33.2 |     687 |     268 |  28.1
            +---------+---------+-------+---------+---------+-------
        D:1 |      25 |       0 |   0.0 |      14 |       0 |   0.0
        D:2 |     145 |      35 |  19.4 |      30 |       1 |   3.2
        D:3 |     410 |      35 |   7.9 |      35 |       6 |  14.6
        D:4 |     412 |     215 |  34.3 |      18 |       2 |  10.0
        D:5 |     396 |       0 |   0.0 |      18 |       0 |   0.0
        D:6 |     654 |     225 |  25.6 |      15 |       7 |  31.8
        D:7 |     493 |     651 |  56.9 |      12 |       1 |   7.7
        D:8 |     813 |    1312 |  61.7 |      23 |       7 |  23.3
        D:9 |    4244 |    2255 |  34.7 |      49 |      13 |  21.0
       D:10 |    2292 |    1050 |  31.4 |      21 |       2 |   8.7
       D:11 |    5204 |    2287 |  30.5 |      41 |       3 |   6.8
       D:12 |   10650 |    6371 |  37.4 |      22 |      17 |  43.6
       D:13 |    7928 |    3739 |  32.0 |      39 |       9 |  18.8
       D:14 |   18030 |    1695 |   8.6 |      48 |       4 |   7.7
       D:15 |   15995 |    3278 |  17.0 |      57 |       5 |   8.1
     Lair:1 |    3992 |       0 |   0.0 |      16 |       0 |   0.0
     Lair:2 |    6366 |       0 |   0.0 |      25 |       0 |   0.0
     Lair:3 |    4659 |    2864 |  38.1 |      22 |       1 |   4.3
     Lair:4 |    4257 |    9678 |  69.5 |      20 |      40 |  66.7
     Lair:5 |    4236 |    5831 |  57.9 |      16 |      11 |  40.7
     Lair:6 |    9038 |   10825 |  54.5 |      36 |      56 |  60.9
    Swamp:1 |   11922 |    1654 |  12.2 |      33 |       1 |   2.9
    Swamp:2 |    4422 |     939 |  17.5 |      21 |       7 |  25.0
    Swamp:3 |    2683 |       0 |   0.0 |       6 |       0 |   0.0
      Orc:1 |    1401 |    2285 |  62.0 |      12 |      18 |  60.0
      Orc:2 |    3391 |    4062 |  54.5 |      38 |      40 |  51.3
    Ossuary |       0 |     447 | 100.0 |       0 |      17 | 100.0
            +---------+---------+-------+---------+---------+-------
